 Dungeon Crawl Stone Soup version 0.27.0-1-g7a089689b8 (webtiles) character file.

Game seed: 9258890359628230065

137 horus123 the Skirmisher (level 5, -1/37 HPs)
             Began as an Octopode Chaos Knight on Aug 1, 2021.
             Was a Plaything of Xom.
             Slain by a mummy (20 damage)
             ... in an ossuary.
             The game lasted 00:10:14 (3311 turns).

horus123 the Skirmisher (Octopode Chaos Knight)     Turns: 3311, Time: 00:10:15

Health: -1/37      AC:  1    Str: 11      XL:     5   Next: 20%
Magic:  5/5        EV: 13    Int: 14      God:    Xom [..*...]
Gold:   95         SH:  0    Dex: 12 (13) Spells: 4/4 levels left

rFire    . . .     SeeInvis .   a - +1 falchion (chaos)
rCold    . . .     Faith    .   (no shield)
rNeg     . . .     Spirit   .   (helmet restricted)
rPois    .         Reflect  .   m - amulet of the acrobat
rElec    .         Harm     .   (no ring)
rCorr    .         Rampage  .   (no ring)
Will     .....                  (no ring)
Stlth    +++.......             (no ring)
HPRegen  0.12/turn              (no ring)
MPRegen  0.09/turn              (no ring)
                                (no ring)
                                (no ring)

@: unable to read
A: almost no armour, amphibious, 8 rings, camouflage 1, gelatinous body 1,
(nimble swimmer 1), tentacles, deterioration 1, inability to read while
threatened
a: Renounce Religion


You were in an ossuary.
You worshipped Xom.
You were a toy of Xom.
You visited 1 branch of the dungeon, and saw 4 of its levels.
You also visited: Ossuary.

You collected 95 gold pieces.

Inventory:

Hand Weapons
 a - a +1 falchion of chaos (weapon)
 c - a +2 dagger of protection
 g - a +1 dagger of electrocution
Missiles
 f - 7 javelins (quivered)
Jewellery
 m - an amulet of the acrobat (around mantle)
Wands
 i - a wand of flame (17)
Scrolls
 b - 2 scrolls of immolation
 j - a scroll of brand weapon {unknown}
 k - a scroll of magic mapping {unknown}
 l - a scroll of vulnerability {unknown}
Potions
 d - 3 potions of curing {unknown}
 e - a potion of might {unknown}
 h - a potion of brilliance {unknown}


   Skills:
 + Level 3.9 Fighting
 + Level 1.0(2.6) Short Blades
 + Level 3.9(4.0) Long Blades
 + Level 0.1 Throwing
 + Level 2.9 Dodging
 + Level 2.9 Stealth


You had 4 spell levels left.
You didn't know any spells.
Your spell library was empty.

Dungeon Overview and Level Annotations

Branches:
Dungeon (4/15)            Ossuary (1/1)
 Temple: D:4-7

Altars:

Shops:
D:1 [(


Innate Abilities, Weirdness & Mutations

You cannot wear most types of armour.
You are amphibious.
You can wear up to eight rings at the same time.
Your skin changes colour to match your surroundings (Stealth+).
Your rubbery body absorbs attacks. (AC +1, EV +1)
((You are camouflaged near water. (Stealth+)))
You have tentacles for arms and can constrict up to eight enemies at once.
Your body sometimes deteriorates upon taking damage.
You sometimes lose the ability to read scrolls when taking damage.


Message History

The kobold zombie completely misses you.
You riposte.
You hit the kobold zombie.
The kobold zombie seems to grow stronger.
Xom thinks this is hilarious!
You grab the kobold zombie.
The kobold zombie is lightly damaged.
You hit the kobold zombie. You burn the kobold zombie.
You destroy the kobold zombie!
There is an empty arch of ancient stone here.
Xom smirks.
You feel aware of your surroundings.
There is a gate leading back out of this place here.
The orc zombie misses you.
You hit the orc zombie. Your grab misses the orc zombie.
Your squeeze misses the orc zombie.
The orc zombie is heavily damaged.
The orc zombie closely misses you. The mummy closely misses you.
You hit the orc zombie. You burn the orc zombie.
You destroy the orc zombie!
You hit the mummy.
The mummy convulses.
You grab the mummy.
The mummy is moderately damaged.
You constrict the mummy. The mummy hits you!
You feel threatened and lose the ability to read scrolls!
The mummy hits you but does no damage.
You hit the mummy.
The mummy is heavily damaged.
You constrict the mummy. You hit the mummy. You burn the mummy.
You squeeze the mummy, but do no damage.
The mummy is severely damaged.
You constrict the mummy. The mummy barely misses you.
You riposte.
You hit the mummy. You grab the mummy.
The mummy is moderately damaged.
The mummy completely misses you.
You hit the mummy. You burn the mummy.
You destroy the mummy!
You constrict the mummy, but do no damage.
The mummy hits you!!
Ouch! That really hurt!
You die...

.......# +
**,,
*......#* *
*,, *#...Z#
, , , #....#
,,,, * *
,,,,,,#....#
,, , ,,
,#....# , ,
, #....# , ,
, ,,,
#...M#,,, ,
* ,,*#..@.#
,,, *, ,,
#....#*,, ,*
**#.∩∩.#**,,
*** ###### *
* *


You could see a mummy and a hobgoblin zombie.

Vanquished Creatures
  Jessica (D:2)
  An orc wizard (D:3)
  A mummy (Ossuary)
  2 adders (D:2)
  3 dart slugs
  2 orcs (D:3)
  5 bats
  5 endoplasms
  2 giant cockroaches
  2 goblins
  6 hobgoblins
  6 jackals
  6 quokkas
  3 ball pythons
  A frilled lizard (D:2)
  A gnoll zombie (Ossuary)
  6 kobolds
  A kobold zombie (Ossuary)
  2 orc zombies (Ossuary)
  2 rats
58 creatures vanquished.

Vanquished Creatures (collateral kills)
  A frilled lizard (D:3)
1 creature vanquished.

Grand Total: 59 creatures vanquished

Notes
Turn   | Place    | Note
-------+----------+-------------------------------------------
     0 | D:1      | horus123 the Octopode Chaos Knight began the quest for the
                  | Orb.
     0 | D:1      | Reached XP level 1. HP: 16/16 MP: 1/1
   222 | D:1      | Found Uwungur's Armour Emporium.
   319 | D:1      | XOM: silly message
   330 | D:1      | Reached XP level 2. HP: 8/21 MP: 2/2
   511 | D:1      | Found a faded altar of an unknown god.
   511 | D:1      | Noticed a sixfirhy
   512 | D:1      | XOM: silly message
   578 | D:1      | Found Niatsaekh's Weapon Boutique.
   624 | D:1      | XOM: silly message
   876 | D:1      | Reached XP level 3. HP: 26/26 MP: 3/3
   877 | D:1      | XOM: silly message
  1092 | D:1      | XOM: silly message
  1164 | D:1      | XOM: silly message
  1470 | D:2      | XOM is BORED!
  1470 | D:2      | XOM: give mutations
  1470 | D:2      | Gained mutation: You are clumsy. (Dex -2) [Xom's mischief]
  1470 | D:2      | Lost mutation: You are clumsy. (Dex -2) [Xom's mischief]
  1470 | D:2      | Gained mutation: You sometimes lose the ability to read
                  | scrolls when taking damage. [Xom's mischief]
  1470 | D:2      | Gained mutation: Your body sometimes deteriorates upon
                  | taking damage. [Xom's mischief]
  1497 | D:2      | Noticed Jessica
  1499 | D:2      | Killed Jessica
  1500 | D:2      | Reached skill level 1 in Stealth
  1500 | D:2      | Reached XP level 4. HP: 19/33 MP: 4/4
  2441 | D:3      | XOM: scenery: 2 doors open
  2497 | D:3      | XOM: 5-stop teleportation journey
  2498 | D:3      | Reached skill level 1 in Short Blades
  2498 | D:3      | Reached XP level 5. HP: 14/37 MP: 5/5
  2866 | D:3      | XOM: 8-stop teleportation journey
  2940 | D:3      | XOM: scenery: 1 doors open
  3175 | D:4      | Found a sand-covered staircase.
  3206 | D:4      | XOM: torment (18/37 hp)
  3255 | Ossuary  | Entered an ossuary
  3301 | Ossuary  | XOM: divination: magic mapping
  3311 | Ossuary  | Slain by a mummy

Illustrated notes

Levels and vault maps discovered:
D:1:      minmay_arrival_wavy_path, layout_loops_ring,
          dreamdust_ecumenical_altar_sealed_demon, serial_shops,
          nicolae_diamond_shop, nicolae_lakefront_shop
D:2:      layout_loops_corners, kennysheep_jessica_study
D:3:      layout_basic, chequers_serial_rivers_room_a
D:4:      layout_basic, fedhas_altar_3, grunt_temple_overflow_open,
          enter_ossuary_1
Ossuary:  ossuary_tomb_3

Skill      XL: |  1  2  3  4 |
---------------+-------------+-----
Stealth        | 1 2 |  2.9
Short Blades   | 1 |  1.0
Fighting       | |  3.9
Long Blades    | |  3.9
Throwing       | |  0.1
Dodging        | |  2.9

Action                   |  1- 3 |  4- 6 || total
-------------------------+-------+-------++-------
Melee: Falchion          |    15 |    60 ||    75
       Constrict         |    11 |    19 ||    30
       Tentacles         |     5 |     9 ||    14
       Dagger            |    38 |     3 ||    41
Throw: Javelin           |       |     6 ||     6
  Use: Scroll            |     1 |     1 ||     2
 Stab: Sleeping          |     6 |     2 ||     8
       Paralysed         |       |     1 ||     1
Armor: Skin              |    11 |     9 ||    20
Dodge: Dodged            |    21 |    34 ||    55
       Rpst.: Falchion   |     1 |    10 ||    11
